 Dungeon Crawl Stone Soup version 0.21-a0-442-g848f44b (webtiles) character file.

596 Ijustatesigmund the Skirmisher (level 7, -1/50 HPs)
             Began as an Octopode Artificer on Nov 13, 2017.
             Killed from afar by an orc wizard (10 damage)
             ... with a puff of flame
             ... on level 4 of the Dungeon.
             The game lasted 00:08:48 (4375 turns).

Ijustatesigmund the Skirmisher (Octopode Artificer) Turns: 4375, Time: 00:08:49

Health: -1/50      AC:  1    Str: 12    XL:     7   Next: 40%
Magic:  9/9        EV: 11    Int: 13    God:
Gold:   127        SH: 10    Dex: 16    Spells: 6/6 levels left

rFire    . . .     SeeInvis .   k - +4 whip (holy)
rCold    . . .     Gourm    .   h - +1 shield
rNeg     . . .     Faith    .   (helmet restricted)
rPois    .         Spirit   .   (no amulet)
rElec    .         Reflect  .   j - +2 ring of dexterity
rCorr    .         Harm     .   (no ring)
MR       .....                  (no ring)
Stlth    +++.......             (no ring)
HPRegen  0.16/turn              (no ring)
MPRegen  0.11/turn              (no ring)
                                (no ring)
                                (no ring)

@: hasted, very quick
A: almost no armour, stealthy swim, amphibious, 8 rings, constrict 8, camouflage
1, gelatinous body 1
a: no special abilities


You were on level 4 of the Dungeon.
You were not hungry.

You visited 1 branch of the dungeon, and saw 4 of its levels.

You collected 127 gold pieces.

Inventory:

Hand Weapons
 a - a +2 whip
 k - a +4 whip of holy wrath (weapon)
Missiles
 q - 6 tomahawks (quivered)
Armour
 h - a +1 shield (worn)
Jewellery
 j - a +2 ring of dexterity (left tentacle)
 m - an uncursed ring of ice
Wands
 b - a wand of flame (14/48)
 c - a wand of enslavement (11/24)
 d - a wand of random effects (15/48)
Scrolls
 e - a scroll of amnesia
 l - 4 scrolls of remove curse
 r - a scroll of blinking
Potions
 g - a potion of cancellation
 i - 2 potions of flight
Comestibles
 f - 4 bread rations
 n - 2 royal jellies
 s - 5 chunks of flesh


   Skills:
 + Level 5.6 Fighting
   Level 1.0 Short Blades
 - Level 2.1 Maces & Flails
 - Level 2.0 Dodging
 - Level 1.3 Stealth
 + Level 4.4 Shields
 - Level 3.2 Evocations


You had 6 spell levels left.
You didn't know any spells.

Dungeon Overview and Level Annotations

Branches:
Dungeon (4/15)
 Temple: D:4-7

Altars:
Hepliaklqana
Makhleb
Trog


Innate Abilities, Weirdness & Mutations

You cannot wear most types of armour.
You are very stealthy in the water. (Stealth+)
You are amphibious.
You can wear up to eight rings at the same time.
You can use your tentacles to constrict eight enemies at once.
Your skin changes colour to match your surroundings (Stealth+).
Your rubbery body absorbs attacks. (AC +1, EV +1)


Message History

Beogh smites you!
You hit the orc priest. You squeeze the orc priest!
You kill the orc priest!
The orc priest begins to cast a cantrip, but forgets the words!
You hit the orc priest. You grab the orc priest.
The orc priest is moderately wounded.
You constrict the orc priest.
The orc priest mumbles some strange prayers to Beogh against you.
Beogh smites you! The orc closely misses you.
The orc priest mumbles some strange prayers to Beogh against you.
Beogh smites you!
* * * LOW HITPOINT WARNING * * *
You feel yourself speed up.
You constrict the orc priest. You block the orc's attack.
The orc priest hits you but does no damage.
The orc barely misses you.
You hear some strange, mumbled words.
A puff of flame appears from out of thin air!
The puff of flame hits you!
You die...

.. .... ...##
#.....#.# . .....
....## #.....#.# ..
. ####..# ##.....###
.# .. #..###......#
..# ... #..#.......#
...## #...
#..........### ....#
#...##............#
.....
##....o..#....####.#
.....
......o@##....# #.##
.....
......o###...## ##.#
..#.. #.....# #...#
#.# >..#. ####..
#...# #.# ...# #.
#...# ### ...# ..
#...# ..... .. #...#
..... ... ....#
..... ......


You could see an orc priest and 2 orcs.

Vanquished Creatures
  Sigmund (D:4)
  A howler monkey (D:4)
  3 hounds (D:4)
  3 orc priests
  Terence (D:2)
  An iguana (D:4)
  An orc wizard (D:3)
  Robin (D:4)
  4 adders (D:2)
  An ooze (D:4)
  An adder skeleton (D:4)
  2 dart slugs (D:1)
  A leopard gecko (D:3)
  10 orcs
  11 bats
  5 giant cockroaches
  7 goblins
  5 hobgoblins
  12 jackals
  7 kobolds
  2 quokkas
  A ball python (D:3)
  3 frilled lizards (D:1)
  6 rats
90 creatures vanquished.

Vanquished Creatures (collateral kills)
  5 goblins (D:4)
  2 hobgoblins (D:4)
7 creatures vanquished.

Vanquished Creatures (others)
  2 goblins (D:4)
2 creatures vanquished.

Grand Total: 99 creatures vanquished

Notes
Turn   | Place    | Note
-------+----------+-------------------------------------------
     0 | D:1      | Ijustatesigmund the Octopode Artificer began the quest for the Orb.
     0 | D:1      | Reached XP level 1. HP: 13/13 MP: 3/3
   209 | D:1      | Reached skill level 2 in Fighting
   209 | D:1      | Reached XP level 2. HP: 19/19 MP: 4/4
   686 | D:1      | Reached skill level 1 in Maces & Flails
   953 | D:1      | Reached XP level 3. HP: 19/25 MP: 5/5
  1238 | D:2      | Noticed Terence
  1254 | D:2      | Killed Terence
  1254 | D:2      | Reached skill level 3 in Fighting
  1254 | D:2      | Reached XP level 4. HP: 26/31 MP: 6/6
  1843 | D:2      | Reached skill level 1 in Shields
  2112 | D:2      | Reached XP level 5. HP: 35/36 MP: 7/7
  2329 | D:2      | Found a bloodstained altar of Trog.
  3048 | D:3      | Reached skill level 4 in Fighting
  3053 | D:3      | Reached XP level 6. HP: 31/43 MP: 8/8
  3622 | D:4      | Found a hazy altar of Hepliaklqana.
  3839 | D:4      | Noticed Robin
  3848 | D:4      | Killed Robin
  3869 | D:4      | Found a burning altar of Makhleb.
  4189 | D:4      | Reached skill level 5 in Fighting
  4239 | D:4      | Noticed Sigmund
  4248 | D:4      | Killed Sigmund
  4248 | D:4      | Reached XP level 7. HP: 50/50 MP: 9/9
  4375 | D:4      | Killed from afar by an orc wizard

Vault maps used:
D:1:      sevenhm_arrival_forest_fort_large_4
D:2:      lemuel_doored_altar, serial_glass, glass_columns_a, glass_columns_a,
          glass_columns_a, glass_columns_a, glass_columns_a, glass_columns_b,
          minivault_23, minmay_pentomino_w4, uniq_terence
D:3:      first_bread
D:4:      bloody_makhleb, overflow_temple_1_default, uniq_robin, uniq_sigmund

Skill      XL: |  1  2  3  4  5  6 |
---------------+-------------------+-----
Fighting       | 2 3 4 5 |  5.6
Maces & Flails | 1 2 |  2.1
Shields        | 1 2 4 |  4.4
Short Blades   | |  1.0
Dodging        | |  2.0
Stealth        | |  1.3
Evocations     | |  3.2

Action                   |  1- 3 |  4- 6 |  7- 9 || total
-------------------------+-------+-------+-------++-------
Melee: Short sword       |    12 |       |       ||    12
       Constrict         |    17 |    48 |     2 ||    67
       Tentacles         |    14 |    32 |     1 ||    47
       Whip              |    43 |   163 |     4 ||   210
Throw: Tomahawk          |       |     1 |       ||     1
Evoke: Wand              |       |     5 |       ||     5
  Use: Scroll            |     5 |     9 |       ||    14
       Potion            |     1 |     1 |     1 ||     3
 Stab: Sleeping          |     6 |     6 |       ||    12
       Distracted        |       |     2 |       ||     2
  Eat: Chunk             |     1 |     7 |       ||     8
       Fruit             |       |     3 |       ||     3
Armor: Skin              |     4 |    19 |       ||    23
Dodge: Dodged            |    28 |    75 |     2 ||   105
Block: Shield            |    10 |    80 |     1 ||    91

Table legend:
 A = Spawn XP
 B = Non-spawn XP
 C = Spawn XP percentage of total XP
 D = Spawn monster count
 E = Non-spawn monster count
 F = Spawn count percentage of total count
 G = Total turns spent on level
                    A         B        C        D         E        F      G
               +---------+---------+-------+---------+---------+-------+---------
         Total |       0 |     852 |   0.0 |       0 |      97 |   0.0 |  4375
               +---------+---------+-------+---------+---------+-------+---------
           D:1 |       0 |      34 |   0.0 |       0 |      19 |   0.0 |  1088
           D:2 |       0 |     140 |   0.0 |       0 |      31 |   0.0 |  1145
           D:3 |       0 |     164 |   0.0 |       0 |      25 |   0.0 |  1463
           D:4 |       0 |     514 |   0.0 |       0 |      22 |   0.0 |   679
               +---------+---------+-------+---------+---------+-------+---------
